 Dungeon Crawl Stone Soup version 0.22-a0-565-gfc6459a (webtiles) character file.

225864 Amnesiac the Fetichist (level 18, -3/105 HPs)
             Began as a Spriggan Fighter on June 28, 2018.
             Was an Initiate of Gozag.
             Killed from afar by a merfolk aquamancer (5 damage)
             ... with a ball of steam
             ... on level 4 of the Shoals.
             The game lasted 01:45:01 (56488 turns).

Amnesiac the Fetichist (Spriggan Fighter)          Turns: 56488, Time: 01:45:02

Health: -3/105     AC: 23    Str: 22    XL:     18   Next: 63%
Magic:  32/32      EV: 28    Int: 10    God:    Gozag
Gold:   5813       SH: 11    Dex: 17    Spells: 9/35 levels left

rFire    + . .     SeeInvis +   a - +6 quick blade (drain)
rCold    + . .     Gourm    .   w - +3 buckler {AC+3}
rNeg     . . .     Faith    .   Q - +5 swamp dragon scales
rPois    +         Spirit   .   p - +2 hat of Godwis {rC++ Str+4}
rElec    .         Reflect  .   c - +0 cloak
rCorr    .         Harm     .   (gloves unavailable)
MR       +++..                  (boots unavailable)
Stlth    ++........             F - amulet of the acrobat
HPRegen  0.27/turn              V - +2 ring of slaying
MPRegen  0.23/turn              m - ring of fire

@: gold aura, very slightly contaminated, studying Fighting, slow
A: very small, unfitting armour, see invisible, herbivore, speed 3, slow
metabolism 2
}: 1/15 runes: serpentine
a: Potion Petition, Call Merchant, Bribe Branch, Renounce Religion


You were on level 4 of the Shoals.
You worshipped Gozag.
Gozag was greatly pleased with you.
You were not hungry.

You visited 7 branches of the dungeon, and saw 33 of its levels.
You visited the Abyss 1 time.
You visited 2 bazaars.
You also visited: Ice Cave.

You collected 13866 gold pieces.
You spent 5422 gold pieces at shops.
You paid 2631 gold pieces to Gozag.

Inventory:

Hand Weapons
 a - a +6 quick blade of draining (weapon)
Missiles
 y - 10 curare-tipped needles
 D - 10 throwing nets (quivered)
Armour
 c - a +0 cloak (worn)
 p - the +2 hat of Godwis (worn) {rC++ Str+4}
   (You found it in an ice cave)

   It affects your strength (+4).
   It greatly protects you from cold.
 w - a +3 buckler of protection (worn)
 Q - +5 swamp dragon scales (worn)
Jewellery
 g - the ring "Fojioc" {rCorr rC+}
   (You found it on level 10 of the Dungeon)

   [ring of resist corrosion]

   It protects you from cold.
 m - a ring of fire (right hand)
 q - an uncursed ring of stealth
 F - an amulet of the acrobat (around neck)
 R - an uncursed ring of poison resistance
 V - a +2 ring of slaying (left hand)
 Z - an uncursed ring of wizardry
Wands
 o - a wand of random effects (53)
 t - a wand of acid (28)
 C - a wand of enslavement (8)
 G - a wand of polymorph (19)
 I - a wand of iceblast (32)
 L - a wand of disintegration (8)
 T - a wand of digging (13)
 W - a wand of paralysis (6)
Scrolls
 e - a scroll of silence {!r}
 i - a scroll of torment {!r}
 j - 9 scrolls of amnesia {!r}
 l - 18 scrolls of remove curse {!r}
 n - 7 scrolls of fog {!r}
 r - 8 scrolls of identify {!r}
 u - 13 scrolls of teleportation {!r}
 B - 3 scrolls of magic mapping {!r}
 H - 8 scrolls of blinking {!r}
 J - 3 scrolls of summoning {!r}
 X - a scroll of holy word {!r}
Potions
 d - 3 potions of might {!q}
 h - 3 potions of brilliance {!q}
 k - a potion of curing {!q}
 s - 4 potions of mutation {!q}
 v - 5 potions of berserk rage {!q}
 x - 4 potions of flight {!q}
 z - 3 potions of magic {!q}
 A - 3 potions of ambrosia {!q}
 M - a potion of resistance {!q}
 U - 2 potions of cancellation {!q}
 Y - a potion of haste {!q}
Books
 S - a manual of Fighting
Miscellaneous
 E - 3 sacks of spiders
 K - a box of beasts
 N - a lamp of fire
 O - a phial of floods
Comestibles
 f - 25 rations


   Skills:
 + Level 16.3 Fighting
 - Level 10.0 Short Blades
 - Level 14.0 Armour
 - Level 14.0 Dodging
 - Level 10.0 Stealth
 - Level 7.2 Shields
 - Level 9.0 Spellcasting
 - Level 18.7 Evocations


You had 9 spell levels left.
You knew the following spells:

 Your Spells              Type           Power        Failure   Level  Hunger
a - Poisonous Vapours     Pois/Air       #.....       32%         2    #......
b - Passwall              Tmut/Erth      #.......     32%         2    #......
c - Silence               Hex/Air        #.........   99%         5    ######.
d - Deflect Missiles      Chrm/Air       #.........   100%        6    #######
e - Mephitic Cloud        Conj/Pois/Air  #.......     54%         3    ##.....
f - Call Imp              Summ           #.......     32%         2    #......
s - Conjure Flame         Conj/Fire      #.......     54%         3    ##.....
v - Blink                 Tloc           N/A          32%         2    #......
z - Confusing Touch       Hex            #.....       22%         1    None

Your spell library contained the following spells:

 Spells                   Type           Power        Failure   Level  Hunger
 Cause Fear               Hex            #.........   91%         4    ####...
 Magic Dart               Conj           #...         22%         1    None
 Fireball                 Conj/Fire      #.........   99%         5    ######.
 Bolt of Fire             Conj/Fire      #.........   100%        6    #######
 Slow                     Hex            #.......     32%         2    #......
 Confuse                  Hex            #.......     54%         3    ##.....
 Throw Flame              Conj/Fire      #.....       32%         2    #......
 Throw Frost              Conj/Ice       #.....       32%         2    #......
 Ring of Flames           Chrm/Fire      #.........   100%        7    #######
 Venom Bolt               Conj/Pois      #.........   99%         5    ######.
 Olgreb's Toxic Radiance  Pois           #.......     91%         4    ####...
 Freeze                   Ice            #...         22%         1    None
 Ozocubu's Refrigeration  Ice            #.........   100%        6    #######
 Sticky Flame             Conj/Fire      #.......     91%         4    ####...
 Summon Ice Beast         Ice/Summ       #.......     91%         4    ####...
 Ozocubu's Armour         Chrm/Ice       #.......     54%         3    ##.....
 Sting                    Conj/Pois      #...         22%         1    None
 Stone Arrow              Conj/Erth      #.....       54%         3    ##.....
 Ice Form                 Ice/Tmut       #.......     91%         4    ####...
 Throw Icicle             Conj/Ice       #.......     91%         4    ####...
 Flame Tongue             Conj/Fire      #....        22%         1    None
 Ignite Poison            Fire/Tmut/Pois #.......     54%         3    ##.....
 Metabolic Englaciation   Hex/Ice        #.........   99%         5    ######.
 Corona                   Hex            #......      22%         1    None
 Lee's Rapid Deconstruct  Erth           #.........   99%         5    ######.
 Sandblast                Erth           #.....       22%         1    None
 Portal Projectile        Hex/Tloc       #.....       54%         3    ##.....
 Petrify                  Tmut/Erth      #.......     91%         4    ####...
 Leda's Liquefaction      Hex/Erth       #.........   91%         4    ####...
 Inner Flame              Hex/Fire       #.......     54%         3    ##.....
 Force Lance              Conj/Tloc      #.......     91%         4    ####...
 Discord                  Hex            #.........   100%        8    #######
 Summon Forest            Summ/Tloc      #.........   99%         5    ######.
 Gell's Gravitas          Tloc           #.........   54%         3    ##.....
 Yara's Violent Unravell  Hex/Tmut       #.........   99%         5    ######.
 Ignition                 Fire           #.........   100%        8    #######


Dungeon Overview and Level Annotations

Branches:
Dungeon (15/15)            Temple (0/1) D:5            Lair (6/6) D:8
 Shoals (4/4) Lair:4        Snake (4/4) Lair:3        Slime (0/5) Lair:5
    Orc (2/2) D:10            Elf (1/3) Orc:2        Vaults (0/5) D:14
 Depths (1/5) D:15

Altars:
Ashenzari
Dithmenos
Elyvilon
Gozag
Kikubaaqudgha
Nemelex Xobeh
Qazlal
Trog
Vehumet
Wu Jian
Xom
Zin
Beogh
Jiyva

Shops:
D:10 ?(   D:15 ?[?   Orc:1 [   Orc:2 ?[}!

Portals:
Abyss: Depths:1


Innate Abilities, Weirdness & Mutations

You are very small and have problems with some larger weapons.
You are too small for most types of armour.
You have supernaturally acute eyesight. (SInv)
You are a herbivore.
You cover ground extremely quickly.
You need to consume almost no food.


Message History

The harpy completely misses you. You block the harpy's attack.
You hit the harpy.
The harpy is severely wounded.
The harpy misses you. You block the harpy's attack.
You barely miss the harpy.
The harpy is severely wounded.
The water nymph shouts!
You hit the harpy.
The harpy is severely wounded.
The harpy misses you. The harpy claws you but does no damage.
You barely miss the harpy.
The harpy is severely wounded.
You block the harpy's attack. The harpy misses you.
The merfolk aquamancer is engulfed in a cloud of scalding steam.
You hit the harpy.
The harpy is severely wounded.
You block the harpy's attack. The harpy claws you but does no damage.
You puncture the harpy!
The harpy is almost dead.
The harpy is engulfed in a cloud of scalding steam.
You block the harpy's attack. The harpy completely misses you.
You block the merfolk aquamancer's attack.
You barely miss the harpy.
The harpy is almost dead.
You hit the harpy.
You kill the harpy!
You puncture the merfolk aquamancer! You drain the merfolk aquamancer!
The merfolk aquamancer is moderately wounded.
You hit the merfolk aquamancer.
The merfolk aquamancer is moderately wounded.
You block the merfolk aquamancer's attack.
You hit the merfolk aquamancer. You drain the merfolk aquamancer!
The merfolk aquamancer is heavily wounded.
You closely miss the merfolk aquamancer.
The merfolk aquamancer is heavily wounded.
You puncture the merfolk aquamancer!
The merfolk aquamancer is heavily wounded.
You hit the merfolk aquamancer.
The merfolk aquamancer is severely wounded.
The satyr shoots a sling bullet.
You block the sling bullet.
The merfolk aquamancer barely misses you.
Splash!
You fall into the shallow water.
Moving in this stuff is going to be slow.
Okay, then.
You hit the merfolk aquamancer but do no damage.
The merfolk aquamancer is severely wounded.
You block the water nymph's attack.
The merfolk aquamancer closely misses you.
The water nymph casts a spell at you. The water swirls and strikes you!
* * * LOW HITPOINT WARNING * * *
Okay, then.
Okay, then.
Really read
H - 9 scrolls of blinking {!r}?
Blink to where?
Press: ? - help, Dir - move target cursor Splash!
You are very lightly contaminated with residual magic.
As you read the scroll of blinking {!r}, it crumbles to dust.
The merfolk aquamancer points at you and mumbles some strange words.
The ball of steam hits you! You resist.
You die...
Your body crumbles into a pile of gold.

≈≈≈≈≈≈......##≈≈≈.#.#.....≈≈≈≈≈
≈≈≈≈≈≈.....≈≈##≈≈.)#.)....≈≈≈≈≈
≈≈≈≈≈≈.....≈≈≈####()......≈≈≈≈≈
≈≈≈≈≈≈≈...≈≈≈≈(≈≈(.(.......≈≈≈≈
≈≈≈≈≈≈≈≈≈≈≈≈≈≈≈≈≈≈≈........≈≈≈≈
≈≈≈≈≈≈≈≈≈≈≈≈≈≈≈≈≈≈^.......≈≈≈≈≈
≈≈≈≈≈≈≈≈c≈≈≈≈≈≈≈≈≈≈.......≈≈≈≈≈
≈≈≈≈≈≈≈m≈m≈≈§§≈≈≈≈≈P.....≈≈≈≈≈≈
≈≈≈≈≈≈≈≈(##≈##@≈≈P........≈≈≈≈≈
≈≈≈≈≈≈≈≈##≈c≈##≈≈≈P..........≈≈
≈≈≈≈≈≈≈≈#≈≈m$≈#≈≈≈.#######....≈
≈≈≈≈≈≈≈≈#.≈)≈≈#≈≈≈.<#### #....≈
≈≈≈≈≈≈≈≈#≈.≈≈≈#≈≈≈P...P###....≈
≈≈≈≈≈≈≈≈##≈≈≈##≈≈≈P≈≈...##....#
≈≈≈≈≈.:≈.#####≈≈≈≈≈≈P..###...##
≈≈###.≈ .≈≈≈≈≈PP≈≈## #...#.
...≈≈≈≈≈≈PPP###..(#.


There were no monsters in sight!

Vanquished Creatures
  The ghost of Vonwuuca the Purveyor of Pain, an adept NaWz of Kikubaaqudgha (Shoals:2)
  Gastronok (D:10)
  Ilsuiw (Shoals:4)
  2 fire giants
  12 nagarajas
  A frost giant (IceCv)
  A stone giant (D:15)
  3 merfolk javelineers
  4 merfolk impalers
  Josephine (Lair:4)
  An ogre mage (Orc:2)
  An ice dragon (D:15)
  A vault guard (D:14)
  7 naga warriors
  4 merfolk avatars
  14 hydras
  19 anacondas
  A catoblepas (Lair:2)
  2 centaur warriors
  5 merfolk aquamancers
  9 two-headed ogres
  2 satyrs (Shoals:3)
  11 death yaks
  5 naga sharpshooters
  A tengu warrior (D:15)
  6 shock serpents
  2 deep elf knights
  The ghost of TheNamelessOne the Basher, a novice DsCK of Xom (D:11)
  A salamander mystic (Snake:4)
  5 skeletal warriors
  An unseen horror (D:14)
  16 sea snakes
  4 naga ritualists
  13 harpies
  5 deep elf magi
  4 orc knights
  A mana viper (shapeshifter) (D:15)
  8 orc sorcerers
  6 mana vipers
  20 manticores
  5 cyclopes
  12 ugly things
  21 fauns
  4 elephants (Lair:5)
  6 salamanders
  8 merfolk sirens
  2 centaur zombies
  12 naga magi
  An ice statue (IceCv)
  An eye of devastation (Lair:4)
  23 black mambas
  10 guardian serpents (Snake:4)
  5 water nymphs
  31 spiny frogs
  2 gargoyles
  4 kobold demonologists
  An efreet (D:15)
  A rime drake (Lair:5)
  12 komodo dragons
  17 merfolk
  20 polar bears
  9 trolls
  Prince Ribbit (D:5)
  3 tyrant leeches (Lair:6)
  7 wind drakes
  44 blink frogs
  A slime creature (Lair:4)
  7 snapping turtles
  11 hippogriffs
  21 water elementals
  A hog (shapeshifter) (D:15)
  42 yaks
  6 hungry ghosts
  4 wraiths (Lair:4)
  3 wyverns
  A fire elemental (Orc:2)
  A golden eye (shapeshifter) (D:15)
  13 vampire mosquitoes
  A steam dragon (D:9)
  2 basilisks
  6 wargs
  An acid dragon (D:15)
  36 nagas
  A soldier ant (D:6)
  13 water moccasins
  2 hell hounds (D:8)
  11 porcupines
  11 ice beasts
  22 orc warriors
  6 sky beasts
  A swamp drake (Lair:1)
  3 black bears
  A hornet zombie (D:11)
  3 eyes of draining
  22 wolves
  6 phantoms
  8 centaurs
  11 ogres
  17 crocodiles
  25 bullfrogs
  A wyvern zombie (D:10)
  A wyvern skeleton (D:6)
  3 scorpions
  5 killer bees (D:9)
  6 wights
  11 electric eels
  2 howler monkeys (D:10)
  5 crimson imps
  2 quasits
  3 bullfrog zombies
  42 orc wizards
  5 centaur skeletons
  A bullfrog skeleton (D:10)
  8 hounds
  9 jellies
  16 orc priests
  5 iguanas
  2 hell rats (Lair:5)
  8 worker ants
  A bullfrog simulacrum (D:10)
  A hound zombie (D:5)
  A hound skeleton (D:6)
  Robin (D:3)
  4 gnolls
  15 adders
  6 river rats (Lair:5)
  3 shadow imps
  13 white imps
  10 oozes
  A worm (D:5)
  4 leopard geckos
  84 orcs
  6 giant cockroaches
  10 goblins
  9 hobgoblins
  7 jackals
  11 kobolds
  2 quokkas
  2 ball pythons
  5 bats
  10 frilled lizards
  2 leopard gecko skeletons
  A quokka skeleton (D:5)
  12 rats
  A fungus (Lair:4)
  A plant (Lair:1)
1143 creatures vanquished.

Vanquished Creatures (collateral kills)
  A merfolk avatar (Shoals:3)
  3 orc sorcerers (Orc:2)
  An oklob plant (Shoals:3)
  An orc wizard (Orc:2)
  An orc (Orc:2)
  A plant (Shoals:3)
8 creatures vanquished.

Vanquished Creatures (others)
  A merfolk aquamancer (Shoals:4)
  A naga ritualist (Snake:4)
  A bullfrog (Lair:6)
  11 fungi
  34 plants
48 creatures vanquished.

Grand Total: 1199 creatures vanquished

Notes
Turn   | Place    | Note
-------+----------+-------------------------------------------
     0 | D:1      | Amnesiac the Spriggan Fighter began the quest for the Orb.
     0 | D:1      | Reached XP level 1. HP: 11/11 MP: 2/2
    34 | D:1      | Reached skill level 1 in Stealth
   216 | D:1      | Reached XP level 2. HP: 13/16 MP: 3/3
   793 | D:4      | Found a glowing silver altar of Zin.
   794 | D:4      | Found an opulent altar of Gozag.
   947 | D:3      | Noticed Robin
  1069 | D:4      | Became a worshipper of Gozag Ym Sagoz the Greedy
  1186 | D:2      | Reached XP level 3. HP: 16/19 MP: 4/4
  1411 | D:1      | Reached skill level 5 in Stealth
  2898 | D:3      | Reached XP level 4. HP: 23/23 MP: 5/5
  3568 | D:3      | Killed Robin
  3568 | D:3      | Reached XP level 5. HP: 27/27 MP: 6/6
  3721 | D:4      | Noticed an ogre
  3865 | D:4      | Killed an ogre
  3865 | D:4      | Reached skill level 1 in Evocations
  3865 | D:4      | Reached XP level 6. HP: 32/32 MP: 6/8
  3897 | D:4      | Reached skill level 2 in Evocations
  4187 | D:5      | Entered Level 5 of the Dungeon
  4208 | D:5      | Noticed Prince Ribbit
  4215 | D:5      | Killed Prince Ribbit
  4215 | D:5      | Reached skill level 5 in Short Blades
  4215 | D:5      | Reached skill level 3 in Evocations
  4215 | D:5      | Reached XP level 7. HP: 35/35 MP: 8/10
  4250 | D:5      | Reached skill level 4 in Evocations
  4428 | D:5      | Reached skill level 5 in Evocations
  4428 | D:5      | Reached XP level 8. HP: 39/39 MP: 12/12
  4877 | D:5      | Found a staircase to the Ecumenical Temple.
  5159 | D:6      | Reached skill level 6 in Evocations
  5436 | D:6      | Reached skill level 7 in Evocations
  5482 | D:6      | Reached skill level 8 in Evocations
  5509 | D:6      | Reached skill level 5 in Dodging
  5616 | D:6      | Found a sparkling altar of Nemelex Xobeh.
  5978 | D:6      | Reached XP level 9. HP: 43/43 MP: 16/16
  7147 | D:7      | Noticed a two-headed ogre
  7330 | D:7      | Killed a two-headed ogre
  7330 | D:7      | Reached skill level 10 in Evocations
  7568 | D:7      | HP: 2/43 [sky beast (6)]
  7570 | D:7      | Reached skill level 5 in Shields
  8354 | D:8      | Reached XP level 10. HP: 47/47 MP: 18/18
  8396 | D:8      | Found a staircase to the Lair.
  9531 | D:9      | Reached skill level 11 in Evocations
  9642 | D:9      | Found a shadowy altar of Dithmenos.
  9642 | D:9      | Found a shimmering altar of Xom.
 10129 | D:9      | Found a white marble altar of Elyvilon.
 10129 | D:9      | Found a faded altar of an unknown god.
 10134 | D:9      | Found an ornate altar of the Wu Jian Council.
 10136 | D:9      | Found a shattered altar of Ashenzari.
 10137 | D:9      | Found a bloodstained altar of Trog.
 10822 | D:10     | Entered Level 10 of the Dungeon
 10849 | D:10     | Found Cenaem's Weapon Shoppe.
 10851 | D:10     | Found a staircase to the Orcish Mines.
 10852 | D:10     | Noticed an orc knight
 10853 | D:10     | Noticed an orc knight
 11099 | D:10     | Killed an orc knight
 11308 | D:10     | Killed an orc knight
 11506 | D:10     | Reached skill level 10 in Dodging
 11568 | D:10     | Noticed Gastronok
 11609 | D:10     | Found Romaat's Magic Scroll Shop.
 11701 | D:10     | Got a shimmering lead ring
 11744 | D:10     | Found a shadowy altar of Dithmenos.
 11783 | D:10     | Reached skill level 12 in Evocations
 11974 | D:10     | Reached XP level 11. HP: 45/51 MP: 21/21
 12183 | D:10     | Identified the ring "Fojioc" {rCorr rC+} (You found it on level 10 of the Dungeon)
 12201 | D:10     | Killed Gastronok
 12610 | D:11     | Cast into level 2 of the Abyss (orc warrior)
 12679 | Abyss:2  | Noticed a revenant
 12691 | D:11     | Escaped the Abyss
 12798 | D:11     | Found a stormy altar of Qazlal.
 12840 | D:11     | Reached skill level 13 in Evocations
 13431 | D:11     | Noticed a purple ugly thing
 13578 | D:11     | Killed a purple ugly thing
 13585 | D:11     | Found a runed gate.
 13585 | D:11     | Found a runed gate.
 13586 | D:11     | Noticed a fire giant
 13587 | D:11     | Found a runed gate.
 13587 | D:11     | Noticed TheNamelessOne's ghost (novice DsCK)
 13646 | D:11     | Noticed a white ugly thing
 13671 | D:11     | Killed a white ugly thing
 13671 | D:11     | Reached skill level 14 in Evocations
 14628 | D:11     | Found a stormy altar of Qazlal.
 14717 | D:11     | Found a runed gate.
 14717 | D:11     | Found a runed gate.
 14717 | D:11     | Found a runed gate.
 15158 | D:11     | Killed a fire giant
 15159 | D:11     | Killed TheNamelessOne's ghost
 15159 | D:11     | Reached skill level 5 in Fighting
 15205 | D:11     | Reached XP level 12. HP: 29/60 MP: 23/23
 15344 | D:11     | Got a crude trident
 15409 | D:12     | Noticed a two-headed ogre
 15446 | D:12     | Killed a two-headed ogre
 15725 | D:12     | Noticed a five-headed hydra
 15761 | D:12     | Killed a five-headed hydra
 16372 | D:12     | Learned a level 2 spell: Blink
 16375 | D:12     | Learned a level 2 spell: Call Imp
 16379 | D:12     | Learned a level 3 spell: Conjure Flame
 16383 | D:12     | Learned a level 3 spell: Mephitic Cloud
 16637 | D:12     | HP: 3/64 [vampire mosquito (9)]
 16657 | D:12     | Reached skill level 1 in Spellcasting
 16952 | D:13     | Found the +7 Spriggan's Knife {MR+ EV+4 Dex+4 Stlth+}
 17283 | Orc:1    | Entered Level 1 of the Orcish Mines
 18095 | Orc:1    | Found Hiutusix's Armour Emporium.
 18113 | Orc:1    | Bought a +2 buckler of protection for 279 gold pieces
 18502 | Orc:2    | Entered Level 2 of the Orcish Mines
 19982 | Orc:2    | Found a staircase to the Elven Halls.
 20162 | Orc:2    | Noticed a two-headed ogre
 20174 | Orc:2    | Killed a two-headed ogre
 20524 | Orc:2    | Found Jigok's Gadget Shoppe.
 20533 | Orc:2    | Reached XP level 13. HP: 70/70 MP: 25/25
 20812 | Orc:2    | Found Diuqacy's Magic Scroll Emporium.
 20923 | Orc:2    | Found an ancient bone altar of Kikubaaqudgha.
 21083 | Orc:2    | Found a radiant altar of Vehumet.
 21390 | Orc:2    | Found a roughly hewn altar of Beogh.
 21582 | Orc:2    | Found Ypaitu's Distillery.
 21884 | Orc:2    | Found Kosapre's Antique Armour Emporium.
 22417 | Orc:2    | Bought a glowing robe for 88 gold pieces
 22427 | Orc:2    | Bought a cloak for 108 gold pieces
 22470 | Orc:2    | Bought a wand of acid (3) for 140 gold pieces
 22470 | Orc:2    | Bought a sack of spiders for 200 gold pieces
 22470 | Orc:2    | Bought a wand of acid (8) for 240 gold pieces
 22470 | Orc:2    | Bought a wand of iceblast (8) for 120 gold pieces
 22470 | Orc:2    | Bought a wand of iceblast (7) for 110 gold pieces
 22470 | Orc:2    | Bought a wand of disintegration (8) for 120 gold pieces
 22470 | Orc:2    | Bought a lamp of fire for 400 gold pieces
 22470 | Orc:2    | Bought a phial of floods for 400 gold pieces
 22512 | Elf:1    | Entered Level 1 of the Elven Halls
 23085 | D:13     | Reached skill level 15 in Evocations
 23248 | D:13     | Reached skill level 5 in Spellcasting
 24092 | D:12     | Reached skill level 10 in Fighting
 24697 | D:14     | Found a gate to the Vaults.
 24887 | D:13     | Reached skill level 10 in Short Blades
 25611 | D:14     | Reached XP level 14. HP: 77/77 MP: 26/26
 26307 | D:15     | Entered Level 15 of the Dungeon
 26310 | D:15     | Reached skill level 1 in Armour
 26317 | D:15     | Noticed a fire giant
 26367 | D:15     | Found a staircase to the Depths.
 26863 | D:15     | Killed a fire giant
 27789 | D:15     | Reached skill level 5 in Armour
 28704 | D:15     | Reached skill level 16 in Evocations
 29428 | Depths:1 | Entered Level 1 of the Depths
 29430 | Depths:1 | Found a flickering gateway to a bazaar.
 29435 | Bazaar   | Entered a bazaar
 29439 | Bazaar   | Found Kafimodi's Weapon Boutique.
 29457 | Bazaar   | Found Pypesoirr's Antique Weapon Emporium.
 29474 | Bazaar   | Found Sionisat's Book Boutique.
 29491 | Bazaar   | Found Isialaat's Antique Armour Shoppe.
 29528 | Bazaar   | Bought a quick blade for 270 gold pieces
 29546 | Bazaar   | Bought a book of Misfortune for 280 gold pieces
 29596 | Depths:1 | Found a one-way gate to the infinite horrors of the Abyss.
 29632 | D:15     | Bought a scroll of blinking for 97 gold pieces
 29632 | D:15     | Bought a scroll of magic mapping for 45 gold pieces
 29633 | D:15     | Bought a scroll of fear for 56 gold pieces
 29633 | D:15     | Bought a scroll of summoning for 152 gold pieces
 29636 | D:15     | Bought 3 scrolls of enchant armour for 292 gold pieces
 29641 | D:15     | Learned a level 1 spell: Confusing Touch
 29652 | Depths:1 | Noticed a stone giant
 30134 | D:15     | Killed a stone giant
 30402 | Lair:1   | Entered Level 1 of the Lair of Beasts
 32882 | Lair:3   | Got a polished hand axe
 33128 | Lair:3   | Reached XP level 15. HP: 45/81 MP: 29/29
 33663 | Lair:3   | Found a staircase to the Snake Pit.
 34033 | Lair:4   | Noticed Nessos
 34041 | Lair:4   | Noticed Nessos
 34041 | Lair:4   | Nessos changed into Nessos the eye of devastation
 34068 | Lair:4   | Killed Nessos the eye of devastation
 34267 | Lair:4   | Got a shimmering falchion
 34549 | Lair:4   | Reached skill level 10 in Stealth
 34684 | Lair:4   | Noticed Josephine
 34707 | Lair:4   | Killed Josephine
 35529 | Lair:4   | Found a staircase to the Shoals.
 36618 | Lair:5   | Found a frozen archway.
 36758 | IceCv    | Entered an ice cave
 37245 | IceCv    | Reached skill level 10 in Armour
 37392 | IceCv    | Noticed a frost giant
 37516 | IceCv    | Killed a frost giant
 37620 | IceCv    | Got a fine hat
 38181 | Lair:5   | Identified the +2 hat of Godwis {rC++ Str+4} (You found it in an ice cave)
 38312 | Lair:5   | Found a runed door.
 38847 | Lair:5   | Found a viscous altar of Jiyva.
 38847 | Lair:5   | Found a staircase to the Slime Pits.
 38941 | Lair:6   | Entered Level 6 of the Lair of Beasts
 39269 | Lair:6   | Reached XP level 16. HP: 53/86 MP: 30/30
 41297 | Snake:1  | Entered Level 1 of the Snake Pit
 41372 | Snake:1  | Learned a level 2 spell: Passwall
 41378 | Snake:1  | Learned a level 5 spell: Silence
 41385 | Snake:1  | Learned a level 6 spell: Deflect Missiles
 43293 | Snake:3  | Identified the Papyrus of Warped Cold
 43726 | Snake:3  | Reached skill level 17 in Evocations
 45214 | Snake:4  | Entered Level 4 of the Snake Pit
 46475 | Snake:4  | Reached XP level 17. HP: 12/93 MP: 31/31
 46983 | Snake:4  | Learned a level 2 spell: Poisonous Vapours
 49196 | Snake:4  | Reached skill level 18 in Evocations
 50522 | Snake:4  | Got a serpentine rune of Zot
 50673 | Shoals:1 | Entered Level 1 of the Shoals
 52538 | Shoals:2 | Identified a paperback manual
 52891 | Shoals:2 | Found a runed door.
 52891 | Shoals:2 | Noticed Vonwuuca's ghost (adept NaWz)
 52970 | Shoals:2 | Killed Vonwuuca's ghost
 52970 | Shoals:2 | Reached XP level 18. HP: 40/99 MP: 32/32
 52985 | Shoals:2 | Found a flickering gateway to a bazaar.
 53024 | Bazaar   | Entered a bazaar
 53039 | Bazaar   | Found Erhyth's Food Emporium.
 53054 | Bazaar   | Found Kevvonli's General Store.
 53054 | Bazaar   | Found Legetzai's Food Shoppe.
 53064 | Bazaar   | Bought a wand of digging (13) for 442 gold pieces
 53184 | Bazaar   | Found Imaen's Assorted Antiques.
 53184 | Bazaar   | Found Hafokue's General Store.
 53192 | Bazaar   | Bought a diamond ring for 125 gold pieces
 53203 | Bazaar   | Found Wilyonui's Book Emporium.
 53203 | Bazaar   | Found Nagywia's Assorted Antiques.
 53207 | Bazaar   | Bought a smoky green potion for 23 gold pieces
 53217 | Bazaar   | Bought a manual of Fighting for 1435 gold pieces
 55035 | Shoals:3 | Found an opulent altar of Gozag.
 55117 | Shoals:3 | Reached skill level 15 in Fighting
 55404 | Shoals:4 | Entered Level 4 of the Shoals
 55454 | Shoals:4 | Noticed Ilsuiw
 55487 | Shoals:4 | Killed Ilsuiw
 56487 | Shoals:4 | HP: 2/105 [water nymph/the raging water (39)]
 56488 | Shoals:4 | Killed from afar by a merfolk aquamancer

Vault maps used:
D:1:      dpeg_chamrin_arrival_tetris, serial_bayou_ford_a
D:3:      uniq_robin
D:4:      grunt_temple_overflow_gold_and_silver, first_ration, st_stairs_3
D:5:      cheibrodos_barr_body, minmay_temple_entry_poolview, hex_large,
          uniq_prince_ribbit1
D:6:      nemelex_xobeh_ov_fountains_minmay
D:7:      grunt_ogre_cave
D:8:      minmay_lair_entry_lava
D:9:      chequers_temple_overflow_minitemple, gammafunk_temple_overflow_wave
D:10:     orc_david_3, serial_shops, nicolae_shop_waterfront, serial_ice,
          serial_ice_l, serial_ice_e, serial_ice_m, serial_ice_b,
          grunt_dithmenos_smoke, uniq_gastronok
D:11:     gammafunk_ghost_split, nicolae_qazlal_general_emergency
D:12:     kennysheep_generic_room_12
D:13:     amethyst_killhole
D:14:     david_vaults_5
D:15:     grunt_enter_depths_giant_problem
Lair:1:   beast_lair_carwin_large_2, hibernation_bobbens, grunt_megastairs_4
Lair:2:   grunt_megastairs_2
Lair:3:   guppyfry_snake_entry_garden, nicolae_quartered_pool_super,
          serial_bayou_shore_b, lemuel_fruit_tree, grunt_megastairs_3
Lair:4:   lemuel_slime, elwin_shoals_entry_rocks, beast_lair_carwin_10,
          infiniplex_staircase_pool, uniq_nessos, uniq_josephine
Lair:5:   slime_altar_2, portal_ice_cave_entry_imps, kennysheep_abandoned_house
Lair:6:   minmay_lair_end_frog_pond
Shoals:1: nicolae_shoals_square_sea_wall
Shoals:2: ebering_ghost_inner_flame, serial_shops, bzr_entry_gold
Shoals:3: lemuel_oklob_altar
Shoals:4: shoals_end_simple, shoals_ilsuiw_alternative
Snake:2:  serial_bayou_pond_c
Snake:4:  grunt_snake_rune_serpentine_throne
Orc:1:    serial_shops, nicolae_shop_window_shopping
Orc:2:    kennysheep_orc_mage_school
Elf:1:    minmay_the_grid_triangle_9x9_rhombus_full_mashed, basic_altar,
          orc_legates
Depths:1: serial_sigils_hangedman_gnaw, lightli_too_deep, serial_shops,
          bzr_entry_road, abyss_entry, kennysheep_generic_room_14
Abyss:2:  hangedman_abyss_mock_shop
Bazaar:   bazaar_jpeg_circle_common, bazaar_long_row
IceCv:    ice_cave_small_giant

Skill      XL: |  1  2  3  4  5  6  7  8  9 10 11 12 13 14 15 16 17 18 |
---------------+-------------------------------------------------------+-----
Stealth        | 2 4 5 7 8 10 | 10.0
Short Blades   | 4 5 7 8 9 10 | 10.0
Evocations     | 1 3 5 8 10 12 14 15 16 17 18 | 18.7
Dodging        | 5 7 10 12 14 | 14.0
Shields        | 3 5 7 |  7.2
Fighting       | 5 9 10 11 12 16 | 16.3
Spellcasting   | 3 6 9 |  9.0
Armour         | 7 11 12 14 | 14.0

Action                   |  1- 3 |  4- 6 |  7- 9 | 10-12 | 13-15 | 16-18 || total
-------------------------+-------+-------+-------+-------+-------+-------++-------
Melee: Rapier            |   117 |       |       |       |       |       ||   117
       Short sword       |    20 |    77 |   330 |  1168 |  1108 |       ||  2703
       Knife             |       |       |       |       |   180 |       ||   180
       Quick blade       |       |       |       |       |  2476 |  4104 ||  6580
       Unarmed           |       |       |       |       |    15 |       ||    15
 Cast: Confusing Touch   |       |       |       |       |     4 |       ||     4
Invok: Call Merchant     |       |       |       |       |     3 |       ||     3
Evoke: Wand              |       |       |    15 |    37 |    21 |       ||    73
       Box of beasts     |       |       |       |       |     1 |       ||     1
       Sack of spiders   |       |       |       |       |       |     1 ||     1
  Use: Scroll            |       |       |       |    24 |    13 |    16 ||    53
       Potion            |       |       |       |     4 |     4 |    17 ||    25
 Stab: Sleeping          |    14 |     9 |    27 |    39 |    38 |    25 ||   152
       Distracted        |       |     1 |     1 |     8 |    32 |    22 ||    64
       Paralysed         |       |       |       |     7 |       |       ||     7
       Invisible         |       |       |       |       |     5 |       ||     5
       Confused          |       |       |       |       |     2 |       ||     2
  Eat: Ration            |       |     3 |       |     9 |    14 |    11 ||    37
Armor: Robe              |    13 |     2 |     6 |    21 |    28 |       ||    70
       Skin              |       |       |       |     2 |     3 |       ||     5
       Swamp dragon scal |       |       |       |       |   177 |   265 ||   442
       Shadow dragon sca |       |       |       |       |    11 |       ||    11
Dodge: Dodged            |    83 |    29 |   168 |   628 |  1583 |  1516 ||  4007
Block: Buckler           |    47 |    17 |    69 |   302 |  1023 |   906 ||  2364

Table legend:
 A = Spawn XP
 B = Non-spawn XP
 C = Spawn XP percentage of total XP
 D = Spawn monster count
 E = Non-spawn monster count
 F = Spawn count percentage of total count
 G = Total turns spent on level
                    A         B        C        D         E        F      G
               +---------+---------+-------+---------+---------+-------+---------
         Total |       0 |  344660 |   0.0 |       0 |    1151 |   0.0 | 56488
               +---------+---------+-------+---------+---------+-------+---------
           D:1 |       0 |      38 |   0.0 |       0 |      23 |   0.0 |  1251
           D:2 |       0 |      67 |   0.0 |       0 |      20 |   0.0 |  1219
           D:3 |       0 |     108 |   0.0 |       0 |      24 |   0.0 |   977
           D:4 |       0 |     389 |   0.0 |       0 |      11 |   0.0 |   740
           D:5 |       0 |    1097 |   0.0 |       0 |      25 |   0.0 |  1311
           D:6 |       0 |    1605 |   0.0 |       0 |      31 |   0.0 |  1389
           D:7 |       0 |    1711 |   0.0 |       0 |      22 |   0.0 |  1086
           D:8 |       0 |    1210 |   0.0 |       0 |      12 |   0.0 |   913
           D:9 |       0 |    2037 |   0.0 |       0 |      30 |   0.0 |  2051
          D:10 |       0 |    7425 |   0.0 |       0 |      50 |   0.0 |  2387
          D:11 |       0 |    7847 |   0.0 |       0 |      47 |   0.0 |  2787
          D:12 |       0 |    8010 |   0.0 |       0 |      36 |   0.0 |  2016
          D:13 |       0 |    5770 |   0.0 |       0 |      24 |   0.0 |  1221
          D:14 |       0 |   21605 |   0.0 |       0 |      48 |   0.0 |  3243
          D:15 |       0 |   16108 |   0.0 |       0 |      37 |   0.0 |  2454
        Lair:1 |       0 |    3905 |   0.0 |       0 |      22 |   0.0 |  1200
        Lair:2 |       0 |    7386 |   0.0 |       0 |      32 |   0.0 |  1275
        Lair:3 |       0 |    4901 |   0.0 |       0 |      19 |   0.0 |  1113
        Lair:4 |       0 |   19836 |   0.0 |       0 |      70 |   0.0 |  3084
        Lair:5 |       0 |    9216 |   0.0 |       0 |      55 |   0.0 |  1437
        Lair:6 |       0 |   27694 |   0.0 |       0 |      85 |   0.0 |  2034
      Shoals:1 |       0 |   16987 |   0.0 |       0 |      35 |   0.0 |  1574
      Shoals:2 |       0 |   19320 |   0.0 |       0 |      33 |   0.0 |   893
      Shoals:3 |       0 |   26201 |   0.0 |       0 |      48 |   0.0 |  1568
      Shoals:4 |       0 |   17934 |   0.0 |       0 |      35 |   0.0 |  1084
       Snake:1 |       0 |    7612 |   0.0 |       0 |      16 |   0.0 |   926
       Snake:2 |       0 |    5679 |   0.0 |       0 |      11 |   0.0 |  1410
       Snake:3 |       0 |   17514 |   0.0 |       0 |      32 |   0.0 |  2308
       Snake:4 |       0 |   60303 |   0.0 |       0 |      85 |   0.0 |  4683
         Orc:1 |       0 |    3562 |   0.0 |       0 |      40 |   0.0 |  1958
         Orc:2 |       0 |   11139 |   0.0 |       0 |      56 |   0.0 |  3077
         Elf:1 |       0 |     807 |   0.0 |       0 |       1 |   0.0 |    37
         IceCv |       0 |    9637 |   0.0 |       0 |      36 |   0.0 |  1286
               +---------+---------+-------+---------+---------+-------+---------
